 Dungeon Crawl Stone Soup version 0.18.1-2-ga659475 (webtiles) character file.

58 Exaltedone87 the Grave Robber (level 3, 0/25 HPs)
             Began as a Demonspawn Necromancer on May 7, 2016.
             Succumbed to Ijyb's poison
             ... on level 2 of the Dungeon.
             The game lasted 00:06:37 (1462 turns).

Exaltedone87 the Grave Robber (DsNe)                Turns: 1462, Time: 00:06:37

Health: 0/25       AC:  9    Str: 11    XL:     3   Next: 75%
Magic:  2/7        EV: 12    Int: 16    God:
Gold:   15         SH:  0    Dex: 11    Spells: 2 memorised, 5 levels left

rFire  . . .     SeeInvis .     m - +0 dagger
rCold  . . .     Gourm    .     a - +0 robe
rNeg   . . .     Faith    .     (no shield)
rPois  .         Spirit   .     (no helmet)
rElec  .         Dismiss  .     (no cloak)
rCorr  .         Reflect  .     (no gloves)
SustAt .         Harm     .     (no boots)
MR     .....     Clarity  +     (no amulet)
Stlth  ++........               (no ring)
                                (no ring)

@: lethally poisoned (0 -> -18), not resistant to hostile enchantments,
unstealthy
A: rough black scales 2, clarity, strong 1, no device heal 1
a: no special abilities


You were on level 2 of the Dungeon.
You were not hungry.

You visited 1 branch of the dungeon, and saw 2 of its levels.

You collected 15 gold pieces.

Inventory:

Hand Weapons
 m - a +0 dagger (weapon)
Missiles
 e - 18 poisoned needles
Armour
 a - a +0 robe (worn)
 h - a cursed +0 robe
Scrolls
 f - a scroll of remove curse {unknown}
 g - 2 scrolls of identify {unknown}
 j - a scroll of amnesia {unknown}
 l - a scroll of magic mapping {unknown}
Potions
 d - a potion of flight
 k - 2 potions of brilliance
Books
 b - a book of Necromancy

   Spells                             Type                      Level
   a - Pain                           Necromancy                   1
   b - Animate Skeleton               Necromancy                   1
   c - Vampiric Draining              Necromancy                   3
   d - Regeneration                   Charms/Necromancy            3
   e - Animate Dead                   Necromancy                   4
   f - Control Undead                 Necromancy                   4
Comestibles
 c - a bread ration
 o - a slice of pizza


   Skills:
 + Level 0.4 Fighting
 + Level 2.1 Dodging
 + Level 2.1 Stealth
 + Level 2.7 Spellcasting
 + Level 5.0 Necromancy


You had 5 spell levels left.
You knew the following spells:

 Your Spells              Type           Power        Failure   Level  Hunger
a - Pain                  Necr           ###.         2%          1    #......
b - Animate Skeleton      Necr           N/A          2%          1    #......


Dungeon Overview and Level Annotations

Branches:
Dungeon (2/15)

Altars:

Annotations:
D:2 Ijyb


Innate Abilities, Weirdness & Mutations

You are mostly covered in rough black scales (AC +7, Dex -2).
You possess an exceptional clarity of mind.
Your muscles are strong. (Str +2)
Potions and wands are less effective at restoring your health.


Message History

Ijyb completely misses you.
Casting: Pain
Confirm with . or Enter, or press ? or * to list all spells.
Aiming: Pain
Press: ? - help, Shift-Dir - straight line, f/p - Ijyb
Aim: Ijyb, wielding a dagger of venom and wearing a leather armour (moderately wounded, chance to defeat MR: 84%) Ijyb convulses in agony!
You feel sick. The kobold barely misses you.
Ijyb hits you with a dagger of venom.
* * * LOW HITPOINT WARNING * * *
You are more poisoned.
Casting: Pain
Confirm with . or Enter, or press ? or * to list all spells.
There is nothing here that can be animated!
* * * LOW HITPOINT WARNING * * *
You feel sick.
* * * LOW HITPOINT WARNING * * *
You feel sick.
* * * LOW HITPOINT WARNING * * *
You feel sick.
You die...

.## ## .. .. #.#.
... #.# #.########
. #).).....# K.
#..#####.# ...
#..K.@# ....
##g##<# # .....
#.##.##.#
#.....####g......#
......gg)....<####
...%..)########
8..$..8 .......
8.....8


You could see a goblin and a kobold.

Vanquished Creatures
  A worker ant (D:1)
  An ooze (D:1)
  A worm (D:2)
  A dart slug (D:1)
  2 giant geckos (D:1)
  A bat (D:1)
  A giant cockroach (D:1)
  7 goblins
  2 hobgoblins
  3 kobolds
  4 rats
24 creatures vanquished.

Vanquished Creatures (collateral kills)
  A goblin (D:1)
  A hobgoblin (D:1)
2 creatures vanquished.

Grand Total: 26 creatures vanquished

Notes
Turn   | Place    | Note
--------------------------------------------------------------
     0 | D:1      | Exaltedone87 the Demonspawn Necromancer began the quest for the Orb.
     0 | D:1      | Reached XP level 1. HP: 13/13 MP: 3/3
    70 | D:1      | Learned a level 1 spell: Animate Skeleton
   442 | D:1      | Gained mutation: You are partially covered in rough black scales (AC +4, Dex -1). [demonic ancestry]
   442 | D:1      | Reached XP level 2. HP: 14/19 MP: 1/5
  1062 | D:1      | Gained mutation: You are mostly covered in rough black scales (AC +7, Dex -2). [demonic ancestry]
  1062 | D:1      | Reached XP level 3. HP: 12/25 MP: 2/6
  1334 | D:1      | Gained mutation: Potions and wands are less effective at restoring your health. [potion of mutation]
  1334 | D:1      | Gained mutation: Your muscles are strong. (Str +2) [potion of mutation]
  1334 | D:1      | Gained mutation: You possess an exceptional clarity of mind. [potion of mutation]
  1355 | D:2      | Reached skill level 5 in Necromancy
  1432 | D:2      | Noticed Ijyb
  1462 | D:2      | Succumbed to Ijyb's poison

Skill      XL: |  1  2  3 |
---------------+----------+-----
Stealth        | 2 |  2.1
Dodging        | 2 |  2.1
Necromancy     | 5 |  5.0
Fighting       | |  0.4
Spellcasting   | |  2.7

Action                   || total
-------------------------++-------
Melee: Unarmed           ||    29
       Dagger            ||    45
 Cast: Pain              ||    34
       Animate Skeleton  ||     9
  Use: Potion            ||     7
 Stab: Sleeping          ||     1
  Eat: Chunk             ||     1
       Bread ration      ||     1
Armor: Robe              ||    20
Dodge: Dodged            ||    46
